[ AOE2 MATCH · #468515769 ]
UnrankedBurgundians vs Muisca
Rival team · LOSS
[ REPLAY ANALYSIS · EXTRACTED FROM THE RECORDED GAME ]
Feudal
10:22
Castle
26:26
Imperial
—
| APM avg | 44.1 |
| APM peak | 74 |
| eAPM avg | 19.5 |
| Villagers / military | 117 / 106 |
Focus
⚔️ 35.1% · 🌾 64.9%
Skirmisher ×46 · Knight ×38 · Scout Cavalry ×14 · Mangonel ×4 · Monk ×2 · Scorpion ×2
Feudal
9:58
Castle
28:01
Imperial
—
| APM avg | 45.7 |
| APM peak | 71 |
| eAPM avg | 23.3 |
| Villagers / military | 73 / 78 |
Focus
⚔️ 32.3% · 🌾 67.7%
Archer ×45 · Spearman ×18 · Skirmisher ×11 · Unknown (2562) ×5 · Mangonel ×3 · Scorpion ×1
Match map
Initial resources + every placement click. Lines = walls · curves = elevation contours. ◆ gold · ⬟ stone · ● berries · ✦ relic · ◌ wall gap
Your base· Open — opponent sealed themselves in
Redark's base· ✓ Closed at 28:01 · 20t walls · no gate
Smoothed initial terrain · ◌ = detected wall gap · hover for details
Inputs per minute
— [Legacy] matbui - - Redark
Build order — [Legacy] matbui
First 150 of 348 actions detected
| 0:00 | Create | Villager (Male) |
| 0:01 | Create | Villager (Male) |
| 0:02 | Build | House |
| 0:04 | Build | House |
| 0:07 | Create | Villager (Male) |
| 0:08 | Create | Villager (Male) |
| 1:29 | Create | Villager (Male) |
| 1:29 | Create | Villager (Male) |
| 1:55 | Create | Villager (Male) |
| 1:55 | Create | Villager (Male) |
| 2:02 | Build | Lumber Camp |
| 2:27 | Create | Villager (Male) |
| 2:27 | Create | Villager (Male) |
| 2:34 | Create | Villager (Male) |
| 2:34 | Create | Villager (Male) |
| 3:10 | Create | Villager (Male) |
| 3:10 | Create | Villager (Male) |
| 3:20 | Create | Villager (Male) |
| 3:20 | Create | Villager (Male) |
| 3:25 | Build | House |
| 3:26 | Build | House |
| 3:55 | Create | Villager (Male) |
| 4:11 | Research | Double-Bit Axe |
| 4:26 | Create | Villager (Male) |
| 4:50 | Build | Mill |
| 4:53 | Create | Villager (Male) |
| 5:06 | Create | Villager (Male) |
| 5:30 | Create | Villager (Male) |
| 5:42 | Create | Villager (Male) |
| 5:43 | Create | Villager (Male) |
| 6:00 | Create | Villager (Male) |
| 6:17 | Research | Loom |
| 7:30 | Create | Villager (Male) |
| 8:12 | Research | Feudal Age |
| 8:12 | Research | Feudal Age |
| 8:48 | Build | Farm |
| 8:50 | Research | Horse Collar |
| 8:55 | Build | House |
| 8:57 | Build | House |
| 9:14 | Build | Barracks |
| 9:44 | Create | Villager (Male) |
| 9:44 | Create | Villager (Male) |
| 10:22 | Age | Feudal Age |
| 10:25 | Build | Stable |
| 10:27 | Research | Bow Saw |
| 10:32 | Build | Farm |
| 10:37 | Build | Farm |
| 10:42 | Build | Palisade Wall |
| 10:43 | Create | Villager (Male) |
| 11:00 | Create | Villager (Male) |
| 11:05 | Create | Scout Cavalry |
| 11:06 | Create | Scout Cavalry |
| 11:09 | Build | House |
| 11:13 | Build | Palisade Wall |
| 11:13 | Build | Palisade Wall |
| 11:15 | Build | Palisade Wall |
| 11:17 | Build | Palisade Wall |
| 11:19 | Create | Villager (Male) |
| 11:33 | Build | Farm |
| 11:34 | Build | Farm |
| 11:37 | Build | Farm |
| 11:39 | Build | Farm |
| 11:40 | Create | Villager (Male) |
| 12:03 | Create | Villager (Male) |
| 12:12 | Build | Archery Range |
| 12:17 | Build | Farm |
| 12:30 | Build | House |
| 12:31 | Create | Villager (Male) |
| 12:37 | Create | Scout Cavalry |
| 13:11 | Create | Villager (Male) |
| 13:12 | Create | Scout Cavalry |
| 13:16 | Build | House |
| 13:17 | Create | Skirmisher |
| 13:18 | Create | Skirmisher |
| 13:20 | Build | Farm |
| 13:24 | Build | House |
| 13:25 | Create | Villager (Male) |
| 13:46 | Build | House |
| 13:47 | Build | House |
| 14:00 | Create | Skirmisher |
| 14:00 | Create | Skirmisher |
| 14:37 | Create | Skirmisher |
| 14:38 | Create | Scout Cavalry |
| 14:41 | Build | Farm |
| 14:43 | Build | Farm |
| 14:43 | Create | Villager (Male) |
| 14:44 | Create | Villager (Male) |
| 14:44 | Create | Villager (Male) |
| 14:50 | Create | Skirmisher |
| 14:55 | Build | Blacksmith |
| 15:04 | Create | Skirmisher |
| 15:06 | Create | Villager (Male) |
| 15:09 | Build | House |
| 15:15 | Build | Farm |
| 15:26 | Build | Farm |
| 15:31 | Build | Palisade Wall |
| 15:34 | Create | Skirmisher |
| 15:35 | Create | Skirmisher |
| 15:47 | Build | Farm |
| 15:48 | Create | Villager (Male) |
| 15:48 | Create | Villager (Male) |
| 15:55 | Build | House |
| 16:15 | Build | Farm |
| 16:18 | Create | Skirmisher |
| 16:26 | Research | Fletching |
| 16:27 | Create | Villager (Male) |
| 16:28 | Create | Villager (Male) |
| 16:30 | Create | Skirmisher |
| 16:33 | Build | Archery Range |
| 16:37 | Build | Farm |
| 16:42 | Build | House |
| 16:45 | Create | Skirmisher |
| 16:45 | Create | Skirmisher |
| 17:00 | Build | Mining Camp |
| 17:03 | Create | Skirmisher |
| 17:04 | Create | Villager (Male) |
| 17:04 | Create | Villager (Male) |
| 17:19 | Create | Skirmisher |
| 17:22 | Create | Villager (Male) |
| 17:46 | Create | Skirmisher |
| 17:47 | Create | Villager (Male) |
| 18:06 | Create | Villager (Male) |
| 18:08 | Create | Scout Cavalry |
| 18:08 | Create | Scout Cavalry |
| 18:14 | Create | Villager (Male) |
| 18:19 | Create | Skirmisher |
| 18:19 | Create | Skirmisher |
| 18:45 | Create | Skirmisher |
| 18:45 | Create | Skirmisher |
| 18:50 | Create | Villager (Male) |
| 18:53 | Build | Farm |
| 19:11 | Create | Villager (Male) |
| 19:22 | Build | Farm |
| 19:23 | Build | Farm |
| 19:24 | Create | Villager (Male) |
| 19:29 | Create | Scout Cavalry |
| 19:37 | Build | House |
| 19:38 | Build | House |
| 19:49 | Create | Scout Cavalry |
| 19:52 | Create | Skirmisher |
| 19:53 | Create | Skirmisher |
| 20:03 | Build | Farm |
| 20:04 | Build | Farm |
| 20:11 | Create | Villager (Male) |
| 20:19 | Research | Padded Archer Armor |
| 20:41 | Create | Villager (Male) |
| 20:42 | Create | Scout Cavalry |
| 20:59 | Create | Villager (Male) |
| 21:28 | Create | Villager (Male) |
| 21:31 | Build | Farm |
Build order — Redark
First 150 of 244 actions detected
| 0:00 | Create | Villager (Male) |
| 0:01 | Create | Villager (Male) |
| 0:01 | Create | Villager (Male) |
| 0:03 | Build | House |
| 0:04 | Build | House |
| 0:12 | Create | Villager (Male) |
| 1:16 | Create | Villager (Male) |
| 2:01 | Create | Villager (Male) |
| 2:01 | Create | Villager (Male) |
| 2:12 | Build | Settlement |
| 2:30 | Create | Villager (Male) |
| 2:55 | Create | Villager (Male) |
| 3:09 | Create | Villager (Male) |
| 3:24 | Create | Villager (Male) |
| 3:40 | Create | Villager (Male) |
| 3:57 | Create | Villager (Male) |
| 4:43 | Create | Villager (Male) |
| 4:54 | Create | Villager (Male) |
| 5:23 | Create | Villager (Male) |
| 5:34 | Build | Settlement |
| 5:53 | Create | Villager (Male) |
| 5:55 | Create | Villager (Male) |
| 6:30 | Research | Loom |
| 7:10 | Build | Barracks |
| 7:48 | Research | Feudal Age |
| 8:19 | Build | House |
| 8:33 | Create | Villager (Male) |
| 9:31 | Create | Villager (Male) |
| 9:41 | Build | House |
| 9:58 | Age | Feudal Age |
| 10:00 | Build | Archery Range |
| 10:06 | Build | Archery Range |
| 10:12 | Research | Double-Bit Axe |
| 10:24 | Create | Villager (Male) |
| 10:36 | Create | Villager (Male) |
| 10:45 | Build | House |
| 10:54 | Create | Archer |
| 10:57 | Create | Spearman |
| 11:04 | Build | Palisade Wall |
| 11:04 | Build | Palisade Wall |
| 11:07 | Create | Villager (Male) |
| 11:14 | Build | Blacksmith |
| 11:18 | Create | Spearman |
| 11:20 | Create | Archer |
| 11:28 | Create | Archer |
| 11:48 | Create | Archer |
| 11:53 | Build | House |
| 12:10 | Research | Fletching |
| 12:12 | Create | Archer |
| 12:19 | Create | Archer |
| 12:38 | Create | Villager (Male) |
| 12:48 | Build | Farm |
| 12:49 | Build | Farm |
| 12:51 | Create | Archer |
| 12:56 | Create | Archer |
| 13:13 | Build | House |
| 13:17 | Build | Palisade Wall |
| 13:19 | Build | House |
| 13:21 | Build | Palisade Wall |
| 13:23 | Build | House |
| 13:26 | Build | House |
| 13:38 | Build | Palisade Wall |
| 13:41 | Create | Spearman |
| 13:44 | Create | Archer |
| 14:02 | Create | Villager (Male) |
| 14:40 | Create | Archer |
| 14:41 | Create | Archer |
| 14:45 | Build | Farm |
| 14:50 | Create | Villager (Male) |
| 14:52 | Create | Villager (Male) |
| 15:12 | Create | Villager (Male) |
| 15:13 | Create | Archer |
| 15:21 | Build | Farm |
| 15:26 | Create | Archer |
| 15:39 | Create | Villager (Male) |
| 15:51 | Build | House |
| 15:56 | Create | Archer |
| 16:18 | Research | Padded Archer Armor |
| 16:27 | Create | Archer |
| 16:31 | Build | Farm |
| 16:34 | Create | Archer |
| 16:39 | Create | Archer |
| 16:47 | Create | Villager (Male) |
| 16:50 | Build | Farm |
| 16:50 | Create | Villager (Male) |
| 16:57 | Create | Archer |
| 17:07 | Create | Archer |
| 17:25 | Create | Archer |
| 18:01 | Create | Villager (Male) |
| 18:01 | Create | Archer |
| 18:17 | Create | Villager (Male) |
| 18:30 | Create | Villager (Male) |
| 18:31 | Create | Villager (Male) |
| 18:41 | Create | Archer |
| 18:41 | Create | Archer |
| 18:44 | Create | Villager (Male) |
| 18:51 | Create | Villager (Male) |
| 19:06 | Create | Archer |
| 19:09 | Create | Villager (Male) |
| 19:17 | Build | Settlement |
| 19:20 | Create | Skirmisher |
| 19:20 | Create | Skirmisher |
| 19:21 | Create | Skirmisher |
| 19:27 | Create | Skirmisher |
| 19:55 | Build | Market |
| 19:58 | Build | House |
| 20:02 | Build | House |
| 20:15 | Create | Skirmisher |
| 20:19 | Create | Villager (Male) |
| 20:23 | Build | House |
| 20:28 | Build | House |
| 20:34 | Create | Skirmisher |
| 20:40 | Create | Spearman |
| 20:46 | Build | House |
| 20:48 | Build | House |
| 20:53 | Create | Villager (Male) |
| 20:55 | Build | House |
| 21:02 | Build | House |
| 21:09 | Build | House |
| 21:11 | Build | Palisade Wall |
| 21:20 | Build | House |
| 21:27 | Create | Skirmisher |
| 21:29 | Create | Skirmisher |
| 21:30 | Create | Villager (Male) |
| 21:41 | Create | Villager (Male) |
| 21:48 | Build | Watch Tower |
| 21:55 | Create | Skirmisher |
| 22:33 | Create | Skirmisher |
| 22:55 | Create | Villager (Male) |
| 22:56 | Create | Villager (Male) |
| 23:05 | Build | Farm |
| 23:05 | Build | Farm |
| 23:21 | Create | Villager (Male) |
| 23:33 | Build | Farm |
| 23:34 | Build | Farm |
| 23:36 | Build | Farm |
| 23:54 | Create | Villager (Male) |
| 23:58 | Build | House |
| 24:04 | Build | House |
| 24:10 | Build | Stone Wall |
| 24:13 | Build | Stone Wall |
| 24:19 | Build | Stone Wall |
| 24:50 | Create | Villager (Male) |
| 25:03 | Create | Skirmisher |
| 25:08 | Build | Farm |
| 25:09 | Build | Farm |
| 25:21 | Research | Castle Age |
| 26:06 | Build | Stone Wall |
| 26:12 | Build | Stone Wall |
| 26:20 | Research | Gold Mining |
Match timeline
| 7:10 | Redark · first_building Barracks |
| 9:14 | [Legacy] matbui · first_building Barracks |
| 9:58 | Redark · age_up feudal |
| 10:00 | Redark · first_building Archery Range |
| 10:22 | [Legacy] matbui · age_up feudal |
| 10:25 | [Legacy] matbui · first_building Stable |
| 10:42 | [Legacy] matbui · wall_segment Palisade Wall x7 |
| 11:04 | Redark · wall_segment Palisade Wall x8 |
| 11:04 | Redark · wall_segment Palisade Wall x3 |
| 11:13 | [Legacy] matbui · wall_segment Palisade Wall x1 |
| 11:13 | [Legacy] matbui · wall_segment Palisade Wall x1 |
| 11:15 | [Legacy] matbui · wall_segment Palisade Wall x1 |
| 11:17 | [Legacy] matbui · wall_segment Palisade Wall x3 |
| 12:12 | [Legacy] matbui · first_building Archery Range |
| 13:17 | Redark · wall_segment Palisade Wall x1 |
| 13:21 | Redark · wall_segment Palisade Wall x1 |
| 13:38 | Redark · wall_segment Palisade Wall x1 |
| 15:31 | [Legacy] matbui · wall_segment Palisade Wall x1 |
| 21:11 | Redark · wall_segment Palisade Wall x1 |
| 23:11 | Redark · first_market_buy 100 food |
| 23:17 | Redark · first_market_sell 100 stone |
| 23:18 | [Legacy] matbui · wall_segment Palisade Wall x8 |
| 24:10 | Redark · wall_segment Stone Wall x1 |
| 24:13 | Redark · wall_segment Stone Wall x1 |
| 24:19 | Redark · wall_segment Stone Wall x1 |
| 26:06 | Redark · wall_segment Stone Wall x2 |
| 26:12 | Redark · wall_segment Stone Wall x1 |
| 26:26 | [Legacy] matbui · age_up castle |
| 26:48 | [Legacy] matbui · wall_segment Palisade Wall x5 |
| 26:54 | [Legacy] matbui · first_building Monastery |
| 28:01 | Redark · age_up castle |
| 28:09 | Redark · first_building Castle |
| 29:29 | Redark · first_building Siege Workshop |
| 30:16 | [Legacy] matbui · first_building Siege Workshop |
| 37:27 | Redark · resign |
[ AI ANALYSIS · 1 CREDIT ]
What really happened in this match?
Wolo.gg analyzes every decision: build order, eco, micro, common mistakes by bracket. Personalized analysis on WhatsApp or Discord in 30 seconds.
Civ guide
Burgundians
Perfil
Jugador #2929599